 Dungeon Sprint DCSS version 0.30-a0-1163-gf69bf04e7a (webtiles) character file.

Game seed: 16630149699919776045

5200000 sircluck the Conqueror (level 24, -196/373 HPs)
             Began as a Hill Orc Berserker on Apr 28, 2023.
             Was the Champion of Trog.
             Annihilated by a sculptor of flesh
             ... wielding a +9 great sword
              (208 damage)
             ... in the Dungeon (Sprint VIII: "Arena of Blood").
             The game lasted 00:02:42 (52 turns).

sircluck the Conqueror (Hill Orc Berserker)           Turns: 52, Time: 00:02:42

Health: -196/373   AC:  4    Str: 23    XL:     24   Next: 52%
Magic:  22/40      EV: 30    Int:  7    God:    Trog [******]
Gold:   0          SH:  0    Dex: 18    Spells: 23/23 levels left

rFire   . . .        i - +∞ Axe of Woe
rCold   . . .        (shield currently unavailable)
rNeg    . . .        b - +0 animal skin
rPois   .            (no helmet)
rElec   .            (no cloak)
rCorr   .            (no gloves)
SInv    .            (no boots)
Will    +....        (no amulet) Stlth
                     (no ring)
HPRegen 0.82/turn    (no ring)
MPRegen 0.27/turn

%: no teleportation
@: berserking (expiring), very quick
A: no striking features
a: Renounce Religion, Berserk, Trog's Hand, Brothers in Arms


You were in the Dungeon.
You worshipped Trog.
Trog was exalted by your worship.
You visited 1 branch

Inventory:

Hand Weapons
 a - a +0 mace
 i - the +∞ Axe of Woe (weapon)
   (You found it in the Dungeon)
Armour
 b - a +0 animal skin (worn)
Scrolls
 h - a scroll of blinking
Potions
 c - a potion of curing
 e - a potion of haste
 f - 2 potions of magic
 g - a potion of berserk rage


   Skills:
 O Level 27 Fighting
 + Level 26.2(27) Short Blades
 O Level 27 Long Blades
 O Level 27 Axes
 O Level 27 Maces & Flails
 O Level 27 Polearms
 + Level 23.6(27) Staves
 + Level 23.6 Ranged Weapons
 + Level 23.6 Throwing
 O Level 27 Armour
 O Level 27 Dodging
 + Level 23.5 Stealth
 O Level 27 Shields
 O Level 27 Unarmed Combat
 O Level 27 Invocations
 + Level 25.4 Evocations


You had 23 spell levels left.
You didn't know any spells.
Your spell library was empty.

Dungeon Overview and Level Annotations

Branches:
Dungeon (1/1)

Altars:
Makhleb


Message History

You hear a shout!
Your base Short Blades skill increases to level 26!
You have mastered Long Blades!
You have mastered Polearms!
Your base Staves skill increases to level 23!
Your Ranged Weapons skill increases to level 23!
Your Throwing skill increases to level 23!
Your Stealth skill increases to level 23!
You have mastered Shields!
You have mastered Unarmed Combat!
Your Evocations skill increases to level 25!
Unknown command.
The accursed appears out of thin air!
An accursed comes into view.
You hear a shout!
An accursed comes into view.
The bag of meat is engulfed in blazing flames.
The large bag of meat is engulfed in blazing flames.
You hear a shout!
The destroyer points at you and mumbles some strange words.
The destroyer blinks!
Things that are here:
a +9 war axe; a +30 ring of slaying; a bag of meat corpse A tyrant comes into view.
You feel a strong urge to attack something.
The bag of meat is engulfed in blazing flames.
The tyrant casts a spell.
You hear a shout! x3
The destroyer gestures at you while chanting.
The destroyer blinks!
You hear a shout! x4
Things that are here:
a +9 battleaxe; a +30 ring of slaying; a meat berserker corpse The bag of meat is engulfed in blazing flames. x3
You hear a shout!
The accursed gestures at you while chanting.
Something smites you!
* * * LOW HITPOINT WARNING * * *
You hear a shout!
The sculptor of flesh hits you with a +9 great sword!!!!!
Ouch! That really hurt!
You die... #...#..
V......... .....#. ooOo...... ..o.... oVoo.......

..o...o o.o......
#...oo. #Mo.....#
...#... #.O§....# .
#....oo###)§.....###..
......OoO§§)###.....X.
....#.VoOoo))@z..X.L..
. #...)oo)#).)..#...X
.....§.o§§#_.<._# .
..#....o..#.....#
....#M......V_.....
...........M###......
.......###.M. ..###.
....... #.... ..# #..
.o#


You could see 2 accurseds, a tyrant, 2 destroyers, a sculptor of flesh, 3 large
bags of meat, 3 large abominations and 7 bags of meat.

Vanquished Creatures
  6 vampire knights (D)
  17 ogres (D)
  2 two-headed ogres (D)
  37 orcs (D)
  2 skeletal warriors (D)
64 creatures vanquished.

Notes
Turn   | Place    | Note
-------+----------+-------------------------------------------
     0 | D        | Found the +∞ Axe of Woe
     0 | D        | sircluck the Hill Orc Berserker began the quest for the
                  | Orb.
     0 | D        | Reached XP level 1. HP: 19/19 MP: 1/1
     2 | D        | Noticed a bag of meat
     3 | D        | Noticed a meat berserker
     3 | D        | Killed a meat berserker
     3 | D        | Noticed a meat berserker
     3 | D        | Noticed a bag of meat
     3 | D        | Noticed a bag of meat
     4 | D        | Reached skill level 5 in Axes
     4 | D        | Reached skill level 10 in Armour
     4 | D        | Reached XP level 2. HP: 60/60 MP: 2/2
     4 | D        | Reached XP level 3. HP: 67/67 MP: 3/3
     4 | D        | Reached XP level 4. HP: 75/75 MP: 4/4
     4 | D        | Reached XP level 5. HP: 82/82 MP: 5/5
     4 | D        | Reached XP level 6. HP: 91/91 MP: 6/6
     4 | D        | Reached XP level 7. HP: 97/97 MP: 7/7
     4 | D        | Reached XP level 8. HP: 106/106 MP: 8/8
     4 | D        | Reached XP level 9. HP: 114/114 MP: 9/9
     4 | D        | Reached XP level 10. HP: 122/122 MP: 10/10
     4 | D        | Reached XP level 11. HP: 129/129 MP: 11/11
     4 | D        | Reached XP level 12. HP: 137/137 MP: 12/12
     4 | D        | Noticed a bag of meat
     7 | D        | Killed a bag of meat
     7 | D        | Reached ** piety under Trog
     7 | D        | Killed a meat berserker
     8 | D        | Reached skill level 10 in Axes
     8 | D        | Reached skill level 10 in Dodging
     8 | D        | Reached XP level 13. HP: 156/156 MP: 13/13
     9 | D        | Noticed a bag of meat
     9 | D        | Noticed a bag of meat
     9 | D        | Noticed a meat berserker
    10 | D        | Noticed a meat berserker
    10 | D        | Noticed a meat berserker
    10 | D        | Noticed a meat berserker
    10 | D        | Noticed a bag of meat
    11 | D        | Killed a meat berserker
    11 | D        | Killed a bag of meat
    11 | D        | Reached *** piety under Trog
    11 | D        | Noticed a bag of meat
    12 | D        | Reached skill level 27 in Fighting
    12 | D        | Reached skill level 27 in Maces & Flails
    12 | D        | Reached skill level 15 in Armour
    12 | D        | Reached XP level 14. HP: 168/168 MP: 14/14
    12 | D        | Killed a bag of meat
    12 | D        | Noticed a bag of meat
    13 | D        | Reached XP level 15. HP: 174/174 MP: 15/15
    16 | D        | Killed a meat berserker
    16 | D        | Killed a meat berserker
    16 | D        | Reached **** piety under Trog
    16 | D        | Killed a meat berserker
    17 | D        | Reached skill level 27 in Axes
    17 | D        | Reached XP level 16. HP: 70/183 MP: 16/16
    17 | D        | Reached ***** piety under Trog
    17 | D        | Noticed a meat berserker
    18 | D        | Noticed a meat berserker
    19 | D        | Reached XP level 17. HP: 73/191 MP: 17/17
    20 | D        | Noticed a meat berserker
    20 | D        | Noticed a destroyer
    21 | D        | Noticed a meat berserker
    22 | D        | Noticed a destroyer
    23 | D        | Reached skill level 27 in Armour
    24 | D        | Killed a meat berserker
    24 | D        | Killed a meat berserker
    24 | D        | Identified the +7 morningstar of Starshine {antimagic,
                  | rPois rF- Dex+4} (Trog gifted it to you in the Dungeon)
    24 | D        | Received a gift from Trog
    24 | D        | Noticed a destroyer
    25 | D        | Reached skill level 27 in Dodging
    25 | D        | Reached XP level 18. HP: 79/200 MP: 18/18
    25 | D        | Noticed a large bag of meat
    25 | D        | Noticed a destroyer
    25 | D        | Noticed a meat berserker
    25 | D        | Noticed a destroyer
    26 | D        | Noticed a meat berserker
    26 | D        | Noticed a meat berserker
    26 | D        | Killed a meat berserker
    26 | D        | Noticed a meat berserker
    27 | D        | Noticed a meat berserker
    28 | D        | Reached skill level 10 in Invocations
    28 | D        | Killed a destroyer
    28 | D        | Noticed a meat berserker
    29 | D        | Reached skill level 10 in Long Blades
    29 | D        | Reached skill level 10 in Polearms
    29 | D        | Reached skill level 10 in Shields
    29 | D        | Reached skill level 10 in Unarmed Combat
    29 | D        | Reached XP level 19. HP: 84/207 MP: 18/28
    29 | D        | Noticed a large bag of meat
    30 | D        | Killed a meat berserker
    30 | D        | Reached ****** piety under Trog
    30 | D        | Received a gift from Trog
    30 | D        | Killed a destroyer
    30 | D        | Noticed a meat berserker
    31 | D        | Reached skill level 10 in Staves
    31 | D        | Reached skill level 10 in Ranged Weapons
    31 | D        | Reached skill level 10 in Throwing
    31 | D        | Reached skill level 10 in Stealth
    31 | D        | Reached skill level 15 in Invocations
    31 | D        | Noticed a destroyer
    32 | D        | Noticed a large bag of meat
    32 | D        | Noticed a large bag of meat
    32 | D        | Killed a meat berserker
    32 | D        | Killed a meat berserker
    32 | D        | Killed a destroyer
    33 | D        | Reached skill level 15 in Short Blades
    33 | D        | Reached XP level 20. HP: 67/216 MP: 18/33
    33 | D        | Received a gift from Trog
    33 | D        | Killed a meat berserker
    34 | D        | Reached skill level 15 in Staves
    34 | D        | Reached skill level 15 in Ranged Weapons
    34 | D        | Reached skill level 15 in Throwing
    34 | D        | Reached skill level 15 in Stealth
    34 | D        | Reached XP level 21. HP: 69/224 MP: 19/35
    34 | D        | Killed a destroyer
    34 | D        | Received a gift from Trog
    35 | D        | Killed a meat berserker
    35 | D        | Killed a meat berserker
    35 | D        | Noticed a destroyer
    36 | D        | Killed a meat berserker
    37 | D        | Reached XP level 22. HP: 74/233 MP: 19/38
    37 | D        | Noticed a large bag of meat
    38 | D        | Identified the +10 broad axe of Kapn {heavy, Will+ rCorr
                  | Str+6 Int-3} (Trog gifted it to you in the Dungeon)
    38 | D        | Received a gift from Trog
    38 | D        | Killed a large bag of meat
    38 | D        | Noticed a destroyer
    39 | D        | Received a gift from Trog
    40 | D        | Reached skill level 27 in Invocations
    40 | D        | Reached XP level 23. HP: 70/240 MP: 20/40
    40 | D        | Killed a destroyer
    43 | D        | Killed a destroyer
    44 | D        | Received a gift from Trog
    45 | D        | Reached XP level 24. HP: 57/249 MP: 20/40
    45 | D        | Noticed an accursed
    46 | D        | Noticed a large bag of meat
    46 | D        | Noticed a destroyer
    47 | D        | Noticed an accursed
    49 | D        | Killed a large bag of meat
    49 | D        | Received a gift from Trog
    50 | D        | Reached skill level 27 in Long Blades
    50 | D        | Reached skill level 27 in Polearms
    50 | D        | Reached skill level 27 in Shields
    50 | D        | Reached skill level 27 in Unarmed Combat
    50 | D        | Noticed an accursed
    51 | D        | Noticed an accursed
    51 | D        | Noticed a tyrant
    52 | D        | HP: 12/373 [accursed/divine providence (12)]
    52 | D        | Annihilated by a sculptor of flesh

Illustrated notes

Levels and vault maps discovered:
D:        meatsprint

Skill      XL: |  1  2  3  4  5  6  7  8  9 10 11 12 13 14 15 16 17 18 19 20 21 22 23 24 |
---------------+-------------------------------------------------------------------------+-----
Fighting       | 21 26 27 | 27.0
Axes           | 5 10 14 16 27 | 27.0
Maces & Flails | 20 23 27 | 27.0
Armour         | 10 13 15 16 23 25 27 | 27.0
Dodging        | 8 10 12 13 19 20 27 | 27.0
Short Blades   | 9 15 17 20 22 25 26 | 26.2
Long Blades    | 10 16 18 21 23 26 27 | 27.0
Polearms       | 10 16 18 21 23 26 27 | 27.0
Staves         | 8 13 15 18 20 22 23 | 23.6
Ranged Weapons | 8 13 15 18 20 22 23 | 23.6
Throwing       | 8 13 15 18 20 22 23 | 23.6
Stealth        | 8 13 15 18 20 22 23 | 23.5
Shields        | 10 16 18 21 23 26 27 | 27.0
Unarmed Combat | 10 16 18 21 23 26 27 | 27.0
Invocations    | 12 18 21 24 27 | 27.0
Evocations     | 9 14 16 19 21 24 25 | 25.4

Action                     |  1- 3 |  4- 6 |  7- 9 | 10-12 | 13-15 | 16-18 | 19-21 | 22-24 || total
---------------------------+-------+-------+-------+-------+-------+-------+-------+-------++-------
  Melee: Executioner's axe |     1 |       |       |     1 |     4 |     9 |     6 |     8 ||    29
 Invoke: Berserk           |       |       |       |       |       |       |       |     1 ||     1
    Use: Potion            |       |       |       |       |       |       |     1 |       ||     1
  Dodge: Dodged            |       |       |       |       |     1 |       |     1 |       ||     2

Table legend: (Time is in decaauts)
 A = Elapsed time spent in this place.
 B = Non-inter-level travel time spent in this place.
 C = Inter-level travel time spent in this place.
 D = Time resting spent in this place.
 E = Time spent auto-exploring this place.
 F = Levels seen in this place.
 G = Mean time per level.
                   A        B        C        D        E       F      G
               +--------+--------+--------+--------+--------+-----+--------+
         Total |     40 |     40 |      0 |      0 |      0 |   1 |   40.0 |
       Dungeon |     40 |     40 |      0 |      0 |      0 |   1 |   40.0 |
               +--------+--------+--------+--------+--------+-----+--------+

Top non-repeatable levels by time:
       D: 40 daAuts
